AoeStats
← NuMa | Gacha

MegaRandom

507598074Analyzed
2v2 RM · 15d ago on Sep 18, 2026· 53m 35s· 4 players
Game mode
Random Map
Map size
Medium (4 player)
Population
200
Speed
Normal
Resources
Standard
Victory
Conquest
Starting age
Dark Age
Ending age
Imperial Age
RankedLock teamsTeams togetherTeam positionsShared explorationLock speedFull tech treeHidden civsTurbo modeCheats
Victory
Defeat
🇨🇦 Khmer · Canada
1122
+15
🇵🇪 Persians · Peru
1094
+16
🇨🇷 Mongols · Costa Rica
1099
-16
🇨🇴 Persians · Colombia
1094
-15
NuMa | Gacha
8:49 Loom
11:27 Feudal Age
12:11 Man-at-Arms
13:22 Stone Mining
22:42 Gold Mining
25:28 Fletching
28:54 Castle Age
27:39 Forging
28:51 Scale Barding Armor
29:35 Arson
30:53 Bloodlines
31:27 Husbandry
32:13 Double-Bit Axe
37:12 Bow Saw
37:55 Wheelbarrow
40:00 Imperial Age
38:42 Gold Shaft Mining
38:32 Chain Barding Armor
39:48 Onager
42:19 Bodkin Arrow
43:51 Ballistics
44:32 Chemistry
46:03 Elite Skirmisher
rafael9530
14:45 Feudal Age
13:02 Loom
18:16 Castle Age
16:47 Fletching
16:58 Padded Archer Armor
30:08 Imperial Age
31:58 Bodkin Arrow
35:29 Bracer
38:00 Chemistry
saiko
9:55 Loom
11:40 Feudal Age
14:14 Double-Bit Axe
17:48 Castle Age
17:39 Horse Collar
20:43 Bow Saw
28:38 Scale Barding Armor
28:56 Ballistics
28:49 Heavy Plow
29:37 Gold Mining
29:54 Pikeman
34:27 Imperial Age
32:33 Wheelbarrow
32:58 Chain Barding Armor
33:58 Bloodlines
33:48 Husbandry
37:08 Elite Ballista Elephant
39:17 Chemistry
38:53 Plate Barding Armor
38:09 Fletching
38:34 Heavy Scorpion
41:03 Bodkin Arrow
41:19 Forging
41:21 Masonry
41:21 Siege Engineers
41:27 Masonry
42:29 Gold Shaft Mining
43:05 Double Crossbow
43:28 Conscription
castle.franz06
6:12 Loom
37:52 Feudal Age
41:51 Castle Age
42:06 Wheelbarrow
41:52 Gold Mining
48:04 Hand Cart
47:36 Double-Bit Axe
47:35 Horse Collar
48:49 Fletching
50:15 Bodkin Arrow
51:21 Town Watch
55:52 Imperial Age
Connection lost

Rejoining the realm…

Still unreachable

The connection could not be restored.

Session expired

The server has moved on; the page needs a fresh start.